 Dungeon Crawl Stone Soup version 0.24.0-37-gcf1ca852f1 (webtiles) character file.

Game seed: 2917644143721947702, levelgen mode: deterministic

25 Tsab79 the Skirmisher (level 3, -2/24 HPs)
             Began as a Gargoyle Berserker on Nov 28, 2019.
             Was a Follower of Trog.
             Killed from afar by Natasha (4 damage)
             ... with a magic dart
             ... on level 2 of the Dungeon.
             The game lasted 00:11:54 (881 turns).

Tsab79 the Skirmisher (Gargoyle Berserker)           Turns: 881, Time: 00:11:54

Health: -2/24      AC:  9    Str: 21    XL:     3   Next: 6%
Magic:  3/3        EV: 10    Int:  7    God:    Trog [*.....]
Gold:   84         SH:  0    Dex:  9    Spells: 2/2 levels left

rFire    . . .     SeeInvis .   a - +0 falchion
rCold    . . .     Gourm    .   (no shield)
rNeg     + . .     Faith    .   e - +0 scale mail
rPois    ∞         Spirit   .   (no helmet)
rElec    +         Reflect  .   (no cloak)
rCorr    .         Harm     .   (no gloves)
MR       .....                  (no boots)
Stlth    ..........             (no amulet)
HPRegen  0.08/turn              (no ring)
MPRegen  0.08/turn              (no ring)

@: slowed, very slow
A: negative energy resistance 1, electricity resistance, unbreathing,
petrification resistance, rot immunity, AC +3
a: Berserk, Renounce Religion


You were on level 2 of the Dungeon.
You worshipped Trog.
Trog was aware of your devotion.
You were not hungry.

You visited 1 branch of the dungeon, and saw 2 of its levels.

You collected 84 gold pieces.

Inventory:

Hand Weapons
 a - a +0 falchion (weapon)
 d - a +0 club
 g - a +0 club
 h - a +0 club
 m - a +0 club
 p - a +0 spear
 s - a +0 dagger
Missiles
 f - 16 poisoned darts (quivered)
 o - 8 javelins
 q - 37 stones
 y - 2 throwing nets
Armour
 b - a +0 animal skin
 e - a +0 scale mail (worn)
 t - a +0 ring mail
 w - a +0 robe
Jewellery
 n - a cursed -3 ring of strength {unknown}
 z - an uncursed amulet of harm {unknown}
Scrolls
 i - 2 scrolls of remove curse {unknown}
 j - a scroll of fog {unknown}
 k - 2 scrolls of enchant weapon {unknown}
 r - a scroll of identify {unknown}
 u - a scroll of enchant armour {unknown}
Potions
 l - a potion of lignification {unknown}
 v - a potion of curing {unknown}
 x - a potion of resistance {unknown}
 A - a potion of flight {unknown}
Comestibles
 c - 3 rations


   Skills:
 + Level 3.7 Fighting
 + Level 3.2 Long Blades
 + Level 2.3 Armour
 + Level 1.7 Dodging


You had 2 spell levels left.
You didn't know any spells.
Your spell library was empty.

Dungeon Overview and Level Annotations

Branches:
Dungeon (2/15)

Altars:
Ru

Annotations:
D:2 Natasha


Innate Abilities, Weirdness & Mutations

You are resistant to torment.
Your stone body is resilient. (AC +3)
You are immune to poison.
You resist negative energy. (rN+)
You are resistant to electric shocks. (rElec)
You can survive without breathing.
You are immune to petrification.
You are immune to rotting.


Message History

The white imp picks up a beetle and eats it.
The white imp hits you but does no damage.
You barely miss Natasha. Natasha claws you.
The white imp hits you but does no damage.
You hit Natasha.
Natasha is lightly wounded.
Natasha claws you.
The white imp hits you but does no damage.
Natasha casts a spell at you.
You feel yourself slow down.
You closely miss Natasha.
Natasha is lightly wounded.
The white imp hits you but does no damage.
Natasha claws you but does no damage. The white imp gestures at you.
The puff of frost hits you!
* * * LOW HITPOINT WARNING * * *
Natasha casts a spell at you. The magic dart hits you.
You die...

##############..
##
.........hK....#
8
.......@.5...._.
#
########.######.
#.#>## #.###.##
##.# ##.########
#.# ##........
##.# ##.########
#.###.## #.#.##


You could see Natasha, a white imp and a kobold.

Vanquished Creatures
  An adder (D:2)
  3 bats
  A giant cockroach (D:1)
  2 goblins (D:1)
  3 hobgoblins (D:1)
  A frilled lizard (D:1)
  2 kobolds (D:1)
  3 rats
16 creatures vanquished.

Vanquished Creatures (others)
  5 toadstools (D:1)
5 creatures vanquished.

Grand Total: 21 creatures vanquished

Notes
Turn   | Place    | Note
-------+----------+-------------------------------------------
     0 | D:1      | Tsab79 the Gargoyle Berserker began the quest for the Orb.
     0 | D:1      | Reached XP level 1. HP: 14/14 MP: 1/1
   276 | D:1      | Reached XP level 2. HP: 19/19 MP: 2/2
   865 | D:2      | Reached XP level 3. HP: 19/24 MP: 3/3
   873 | D:2      | Found a sacrificial altar of Ru.
   873 | D:2      | Noticed Natasha
   881 | D:2      | Killed from afar by Natasha

Levels and vault maps discovered:
D:1:      ldierk_walled_garden, layout_basic, st_stairs_1
D:2:      layout_loops_ring, nicolae_overflow_hidden_temple,
          overflow_temple_1_default, uniq_robin, uniq_crazy_yiuf_cottage,
          uniq_natasha

Skill      XL: |  1  2 |
---------------+-------+-----
Long Blades    | 3 |  3.2
Fighting       | |  3.7
Armour         | |  2.3
Dodging        | |  1.7

Action                   || total
-------------------------++-------
Melee: Falchion          ||    58
Armor: Scale mail        ||    35
       Animal skin       ||     3
Dodge: Dodged            ||    27
       Rpst.: Falchion   ||    12
